 Dungeon Crawl Stone Soup version 0.31.0-11-ge490571c62 (webtiles) character file.

Game seed: 12330780420775674967

14 Arcadio the Caller (level 2, -1/13 HPs)
             Began as a Felid Summoner on Jan 30, 2024.
             Slain by a ribbon worm (4 damage)
             ... on level 2 of the Dungeon.
             The game lasted 00:01:23 (636 turns).

Arcadio the Caller (Felid Summoner)                  Turns: 636, Time: 00:01:23

Health: -1/13      AC:  1    Str:  4    XL:     2   Next: 27%
Magic:  6/6        EV: 18    Int: 18    God:
Gold:   54         SH:  0    Dex: 16    Spells: 4/5 levels left
                                        Lives:  0   Deaths: 1

rFire   . . .        (weapon unavailable)
rCold   . . .        (shield unavailable)
rNeg    . . .        (body armour unavailable)
rPois   .            (helmet unavailable)
rElec   .            (cloak unavailable)
rCorr   .            (gloves unavailable)
SInv    +            (boots unavailable)
Will    .....        (no amulet)
Stlth   ++           (no ring)
HPRegen 0.22/turn    (no ring)
MPRegen 0.10/turn

%: no passive effects
@: no status effects
A: very small, claws 1, fangs 3, see invisible, shaggy fur 1, stealthy paws, no
weapons or thrown items, no armour, multi-lived
a: no special abilities


You were on level 2 of the Dungeon.
You visited 1 branch of the dungeon, and saw 2 of its levels.

You collected 54 gold pieces.

Inventory:

Armour
 d - a +0 helmet
Scrolls
 c - a scroll of identify {unknown}
 f - a scroll of revelation {unknown}
Potions
 a - a potion of magic
 b - a potion of curing {unknown}
 e - 2 potions of enlightenment {unknown}


   Skills:
 + Level 3.2 Dodging
 - Level 2.6 Stealth
 + Level 2.2 Spellcasting
 + Level 4.1 Summonings


You had 4 spell levels left.
You knew the following spells:

 Your Spells              Type           Power      Damage    Failure   Level
a - Summon Small Mammal   Summ           68%        N/A       3%          1

Your spell library contained the following spells:

 Spells                   Type           Power      Damage    Failure   Level
 Call Imp                 Summ           34%        N/A       4%          2
 Call Canine Familiar     Summ           17%        N/A       10%         3
 Summon Blazeheart Golem  Fire/Summ      9%         N/A       58%         4
 Summon Lightning Spire   Summ/Air       9%         N/A       58%         4


Dungeon Overview and Level Annotations

Branches:
Dungeon (2/15)

Altars:

Shops:
D:1 [


Innate Abilities, Weirdness & Mutations

You have sharp claws.
You have razor-sharp teeth.
You have supernaturally acute eyesight. (SInv)
You are covered in fur. (AC +1)
Your paws help you pounce on unaware monsters.
You are incapable of wielding weapons or throwing items.
You cannot wear armour.
You gain extra lives every three experience levels.


Message History

There is an open door here.
Done exploring.
Done exploring.
There is an open door here.
There is a stone staircase leading down here.
You climb downwards.
There is a stone staircase leading up here.
A ribbon worm comes into view.
You scratch the ribbon worm but do no damage.
The ribbon worm bites you.
You scratch the ribbon worm. Your bite misses the ribbon worm.
The ribbon worm is moderately wounded.
The ribbon worm bites you.
You scratch the ribbon worm.
The ribbon worm is moderately wounded.
The ribbon worm barely misses you.
You barely miss the ribbon worm.
The ribbon worm is moderately wounded.
You scratch the ribbon worm but do no damage.
The ribbon worm is moderately wounded.
The ribbon worm bites you.
* * * LOW HITPOINT WARNING * * *
You scratch the ribbon worm. You claw the ribbon worm.
The ribbon worm is severely wounded.
The ribbon worm expels a string of sticky webbing.
The stream of webbing misses you.
You scratch the ribbon worm.
The ribbon worm is severely wounded.
The ribbon worm completely misses you.
You scratch the ribbon worm but do no damage.
The ribbon worm is severely wounded.
The ribbon worm expels a string of sticky webbing.
The stream of webbing misses you.
You barely miss the ribbon worm.
You bite the ribbon worm, but do no damage.
The ribbon worm is severely wounded.
You scratch the ribbon worm.
The ribbon worm is severely wounded.
The ribbon worm bites you.
You die...

## ..
####.##
#.....
#.#..#
#....##
##.w...##
#...@...#
###.....## #
#.......##.#
#.#........+
#.#(.......#
#.#<...#####
#.#.##.#
#......#
###<####


You could see a ribbon worm (catching breath).

Vanquished Creatures
  2 ball pythons (D:1)
  A bat (D:1)
  An endoplasm (D:1)
  2 giant cockroaches (D:1)
  2 goblins (D:1)
  A quokka (D:1)
  2 frilled lizards (D:1)
  A kobold (D:1)
12 creatures vanquished.

Notes
Turn   | Place    | Note
-------+----------+-------------------------------------------
     0 | D:1      | Arcadio the Felid Summoner began the quest for the Orb.
     0 | D:1      | Reached XP level 1. HP: 9/9 MP: 4/4
    66 | D:1      | Frozen to death by an endoplasm
    66 | D:1      | Lost a life (0 lives remaining)
   293 | D:1      | Found Celurch's Armour Boutique.
   308 | D:1      | Reached XP level 2. HP: 3/13 MP: 6/6
   636 | D:2      | Slain by a ribbon worm

Illustrated notes

Levels and vault maps discovered:
D:1:      dpeg_arrival_shelter, layout_basic, serial_shops, shop
D:2:      cheibrodos_pilgrimage, layout_loops_corners,
          shapermc_ecumenical_altar_mp_ritualfount, minmay_shallow_snake_nest,
          uniq_sigmund, uniq_terence

Skill      XL: |  1 |
---------------+----+-----
Dodging        | 3 |  3.2
Stealth        | |  2.6
Spellcasting   | |  2.2
Summonings     | |  4.1

Action                     || total
---------------------------++-------
  Melee: Unarmed           ||    46
         Bite              ||     2
         Punch             ||     1
   Stab: Sleeping          ||     2
 Armour: Skin              ||    12
  Dodge: Dodged            ||    36
